 Dungeon Crawl Stone Soup version 0.25-a0-251-g572059c (webtiles) character file.

Game seed: 12926513651423828346, levelgen mode: deterministic

3197 CanOfBees the Summoner (level 9, 0/54 HPs)
             Began as a Tengu Summoner on Dec 4, 2019.
             Was a Believer of Okawaru.
             Slain by a crocodile (6 damage)
             ... on level 9 of the Dungeon on Dec 5, 2019.
             The game lasted 00:26:33 (16176 turns).

CanOfBees the Summoner (Tengu Summoner)            Turns: 16176, Time: 00:26:34

Health: 0/54       AC:  6    Str:  9    XL:     9   Next: 96%
Magic:  23/28      EV: 16    Int: 18    God:    Okawaru [**....]
Gold:   435        SH:  5    Dex: 15    Spells: 8/20 levels left

rFire    . . .     SeeInvis +   o - +1 trident
rCold    + . .     Gourm    .   L - +0 buckler
rNeg     . . .     Faith    .   O - +1 leather armour {rC+}
rPois    .         Spirit   .   (helmet restricted)
rElec    .         Reflect  .   K - scarf {repulsion}
rCorr    .         Harm     .   E - +1 pair of gloves
MR       .....                  (boots unavailable)
Stlth    ++........             (no amulet)
HPRegen  0.18/turn              i - ring of magical power
MPRegen  0.21/turn              n - ring of see invisible

@: flying quickly and evasively, very slightly contaminated, lightly drained,
repel missiles, quick
A: beak, talons 3, able to fly
a: Stop Flying, Heroism, Renounce Religion


You were on level 9 of the Dungeon.
You worshipped Okawaru.
Okawaru was pleased with you.
You were hungry.

You visited 2 branches of the dungeon, and saw 10 of its levels.

You collected 435 gold pieces.

Inventory:

Hand Weapons
 e - a +0 whip of freezing
 o - a +1 trident (weapon)
Missiles
 b - 249 stones (quivered)
 d - 74 bolts
 s - 48 sling bullets
 u - 6 atropa-tipped darts
 w - 24 arrows
 I - 3 poisoned darts
 N - 5 boomerangs
Armour
 E - a +1 pair of gloves (worn)
 K - a scarf of repulsion (worn)
 L - a +0 buckler (worn)
 O - a +1 leather armour of cold resistance (worn)
Jewellery
 i - a ring of magical power (left hand)
 n - a ring of see invisible (right hand)
 q - an uncursed ring of fire
 F - the ring of Winter {rN+ AC+3, unknown}
   (You found it on level 5 of the Dungeon)

   [ring of protection]

   It affects your AC (+3).
   It protects you from negative energy.
 J - a cursed ring of teleportation {unknown}
Wands
 z - a wand of flame (51)
Scrolls
 f - 2 scrolls of immolation
 g - 2 scrolls of remove curse
 k - 2 scrolls of noise {unknown}
 t - a scroll of enchant armour
 v - a scroll of fog {unknown}
 x - a scroll of blinking {unknown}
 A - 2 scrolls of enchant weapon
 B - a scroll of magic mapping {unknown}
 D - a scroll of random uselessness {unknown}
Potions
 a - 2 potions of invisibility {unknown}
 h - a potion of magic {unknown}
 j - 3 potions of flight
 l - a potion of degeneration {unknown}
 C - a potion of agility {unknown}
 G - a potion of haste {unknown}
Comestibles
 c - 9 rations


   Skills:
 + Level 5.6(5.4) Fighting
 - Level 4.0(3.8) Polearms
 + Level 4.5(4.4) Dodging
 - Level 2.0(1.8) Stealth
 - Level 4.0(3.9) Shields
 - Level 6.0(5.8) Spellcasting
 + Level 8.0(7.9) Summonings
 + Level 3.2(3.1) Transmutations
 - Level 3.0(2.8) Air Magic
 + Level 3.0(2.8) Invocations


You had 8 spell levels left.
You knew the following spells:

 Your Spells              Type           Power        Failure   Level  Hunger
a - Summon Small Mammal   Summ           ####         1%          1    None
b - Call Imp              Summ           ####....     1%          2    None
c - Call Canine Familiar  Summ           ####....     1%          3    ##.....
d - Summon Lightning Spi  Summ/Air       ###.....     19%         4    ####...
e - Sticks to Snakes      Tmut           ###.....     7%          2    None

Your spell library contained the following spells:

 Spells                   Type           Power        Failure   Level  Hunger
 Beastly Appendage        Tmut           ###...       4%          1    None
 Summon Guardian Golem    Hex/Summ       ###.....     10%         3    ##.....
 Spider Form              Tmut/Pois      ##........   26%         3    ##.....
 Summon Ice Beast         Ice/Summ       ###.....     32%         4    ####...
 Ice Form                 Ice/Tmut       ##......     65%         4    ####...
 Blade Hands              Tmut           ###.......   78%         5    #####..


Dungeon Overview and Level Annotations

Branches:
Dungeon (9/15)             Temple (1/1) D:6
   Lair: D:8-11         Orc: D:9-12

Altars:
Ashenzari
Cheibriados
Dithmenos
Elyvilon
Fedhas
Gozag
Hepliaklqana
Kikubaaqudgha
Makhleb
Nemelex Xobeh
Okawaru
Qazlal
Ru
Sif Muna
Trog
Uskayaw
Vehumet
Wu Jian
Xom
Yredelemnul
Zin
The Shining One
Beogh

Annotations:
D:8 exclusion: upstairs


Innate Abilities, Weirdness & Mutations

You have a beak for a mouth.
You have claws for feet.
You can fly continuously.


Message History

The basilisk bites you!
* * * LOW HITPOINT WARNING * * *
The crocodile bites you!
* * * LOW HITPOINT WARNING * * *
Your ball python closely misses the crocodile.
You turn to flesh and can move again.
Okay, then.
Okay, then.
Okay, then.
Okay, then.
You feel better. The basilisk bites you.
* * * LOW HITPOINT WARNING * * *
Your ball python bites the crocodile but does no damage.
You block the crocodile's attack.
It was a potion of flight.
You feel more buoyant.
Your ball python barely misses the crocodile.
The basilisk gazes at you. You resist with some effort.
The crocodile bites you.
You die...

#.............#
#
#..#..........#
#
#..############
# #..# # #..# #
#..# # #..#
#).# #.@# #tl#
#)S# #..# #..#
#... #h### #.#
#.#


You could see a basilisk, a crocodile, a hound and a friendly ball python.

Vanquished Creatures
  A hungry ghost (D:8)
  Menkaure (D:6)
  An ice beast (D:7)
  2 phantoms (D:7)
  A sky beast (D:5)
  An orc warrior (D:6)
  A crocodile (D:7)
  A big kobold (D:8)
  A bullfrog (D:8)
  2 killer bees (D:9)
  A howler monkey (D:6)
  2 crimson imps
  A centaur zombie (D:8)
  A quasit (D:5)
  2 hounds
  A jelly (D:8)
  An orc priest (D:7)
  3 orc wizards
  A centaur skeleton (D:8)
  2 iguanas
  2 worker ants (D:8)
  A hound zombie (D:6)
  A worker ant zombie (D:7)
  7 adders
  3 dart slugs
  3 leopard geckos
  32 orcs
  6 bats
  9 giant cockroaches
  3 goblins
  3 hobgoblins (D:1)
  4 quokkas
  5 frilled lizards
  7 kobolds
  A quokka zombie (D:6)
  3 rats
117 creatures vanquished.

Vanquished Creatures (collateral kills)
  Pikel (D:6)
  Grinder (D:6)
  A wyvern (D:9)
  Duvessa (D:6)
  An orc warrior (D:8)
  A phantom (D:7)
  A sky beast (D:7)
  2 ogres
  A centaur (D:5)
  A crocodile (D:8)
  A bullfrog (D:8)
  Dowan (D:6)
  A water moccasin skeleton (D:4)
  9 killer bees
  2 howler monkeys
  2 orc priests (D:4)
  3 hounds
  Ijyb (D:3)
  A bullfrog skeleton (D:5)
  2 iguanas
  2 orc wizards
  4 worker ants
  A killer bee zombie (D:8)
  A hound skeleton (D:8)
  10 adders
  2 adder skeletons
  A worm (D:2)
  3 dart slugs
  A leopard gecko (D:2)
  14 orcs
  A ball python (D:2)
  4 bats
  3 goblins
  A hobgoblin (D:1)
  6 jackals (D:2)
  4 kobolds
  A quokka (D:4)
  2 frilled lizards (D:2)
  A rat (D:2)
96 creatures vanquished.

Vanquished Creatures (others)
  3 slaves (D:6)
  2 bullfrogs (D:6)
  A howler monkey (D:6)
  A crimson imp (D:6)
  An orc priest (D:6)
  4 orcs (D:6)
  A giant cockroach (D:6)
  3 bushes (D:9)
  2 fungi (D:9)
  15 plants (D:9)
33 creatures vanquished.

Grand Total: 246 creatures vanquished

Notes
Turn   | Place    | Note
-------+----------+-------------------------------------------
     0 | D:1      | CanOfBees the Tengu Summoner began the quest for the Orb.
     0 | D:1      | Reached XP level 1. HP: 10/10 MP: 4/4
   974 | D:1      | Reached skill level 5 in Summonings
   974 | D:1      | Reached XP level 2. HP: 13/16 MP: 4/6
   994 | D:1      | Learned a level 2 spell: Call Imp
  1584 | D:1      | Reached skill level 1 in Fighting
  2244 | D:2      | Reached XP level 3. HP: 16/20 MP: 7/7
  2735 | D:2      | Learned a level 3 spell: Call Canine Familiar
  3335 | D:2      | Reached XP level 4. HP: 19/26 MP: 9/9
  4823 | D:3      | Noticed Ijyb
  4840 | D:3      | Killed Ijyb
  4840 | D:3      | Gained mutation: You can fly continuously. [Tengu growth]
  4840 | D:3      | Reached XP level 5. HP: 18/31 MP: 10/10
  5596 | D:4      | Reached skill level 1 in Polearms
  5679 | D:4      | Reached skill level 6 in Summonings
  6037 | D:4      | Reached XP level 6. HP: 29/36 MP: 12/12
  6147 | D:4      | Found a blossoming altar of Fedhas.
  6854 | D:4      | Learned a level 4 spell: Summon Lightning Spire
  6959 | D:5      | Entered Level 5 of the Dungeon
  7627 | D:5      | Reached skill level 1 in Air Magic
  7731 | D:5      | Learned a level 2 spell: Sticks to Snakes
  7869 | D:5      | Reached XP level 7. HP: 39/41 MP: 14/14
  7893 | D:5      | You are sucked into a shaft and drop 1 floor!
  7954 | D:6      | Noticed Pikel
  8005 | D:6      | Killed Pikel
  8005 | D:6      | Reached skill level 5 in Spellcasting
  8020 | D:6      | Reached XP level 8. HP: 30/48 MP: 16/16
  8145 | D:6      | Noticed Duvessa
  8146 | D:6      | Noticed Dowan
  8159 | D:6      | Killed Duvessa
  8159 | D:6      | Reached skill level 7 in Summonings
  8173 | D:6      | Killed Dowan
  8284 | D:6      | Noticed Grinder
  8313 | D:6      | Paralysed by Grinder for 7 turns
  8337 | D:6      | Killed Grinder
  8337 | D:6      | Reached skill level 1 in Transmutations
  8608 | D:6      | Found a burning altar of Makhleb.
  8612 | D:6      | Noticed Menkaure
  8632 | D:6      | Killed Menkaure
  9066 | D:5      | Found an ancient bone altar of Kikubaaqudgha.
  9766 | D:5      | Got a vibrating wooden ring
 10204 | D:6      | Found a staircase to the Ecumenical Temple.
 10215 | Temple   | Entered the Ecumenical Temple
 10268 | Temple   | Became a worshipper of Warmaster Okawaru
 11505 | D:7      | Reached skill level 1 in Invocations
 11609 | D:7      | Reached XP level 9. HP: 39/52 MP: 19/19
 12526 | D:7      | Found a sparkling altar of Nemelex Xobeh.
 12620 | D:7      | Reached * piety under Okawaru
 12620 | D:7      | Reached skill level 1 in Shields
 13195 | D:8      | Reached skill level 5 in Fighting
 13798 | D:8      | Reached skill level 8 in Summonings
 14284 | D:7      | Reached ** piety under Okawaru
 15192 | D:8      | Found a roughly hewn altar of Beogh.
 15609 | D:9      | Found a sacrificial altar of Ru.
 15609 | D:9      | Found a shadowy altar of Dithmenos.
 15609 | D:9      | Found a snail-covered altar of Cheibriados.
 16176 | D:9      | Slain by a crocodile

Levels and vault maps discovered:
D:1:      dpeg_arrival_short_road, layout_basic
D:2:      layout_basic, st_stairs_13, hex_intersection
D:3:      layout_basic, uniq_ijyb
D:4:      layout_rooms, fedhas_ov_isle_minmay, first_ration,
          kennysheep_opposing_triangles
D:5:      layout_basic, kennysheep_mini_moat, serial_rivers,
          chequers_serial_rivers_large_a, chequers_serial_rivers_micro_e,
          chequers_serial_rivers_small_3, chequers_serial_rivers_micro_a,
          chequers_serial_rivers_small_a
D:6:      layout_basic, nicolae_overflow_crystal_walls,
          minmay_temple_entry_statues_pillars, uniq_menkaure, uniq_pikel,
          uniq_grinder, uniq_duvessa
D:7:      cheibrodos_iron_armory, layout_loops_ring,
          nemelex_xobeh_ov_fountains_minmay
D:8:      layout_basic, special_room [special_room_orc]
D:9:      layout_loops_ring, chequers_temple_overflow_statue_of_worship,
          minmay_lair_entry_grove
Temple:   eino_wide_crystal_templ

Skill      XL: |  1  2  3  4  5  6  7  8  9 |
---------------+----------------------------+-----
Summonings     | 5 6 7 8 |  8.0
Fighting       | 1 2 3 4 5 |  5.6
Spellcasting   | 3 4 5 6 |  6.0
Polearms       | 1 2 3 4 |  4.0
Air Magic      | 1 3 |  3.0
Transmutations | 2 3 |  3.2
Invocations    | 1 3 |  3.0
Dodging        | 4 |  4.5
Shields        | 4 |  4.0
Stealth        | |  2.0

Action                   |  1- 3 |  4- 6 |  7- 9 || total
-------------------------+-------+-------+-------++-------
Melee: Unarmed           |   116 |       |       ||   116
       Kick              |    29 |    21 |    85 ||   135
       Peck              |    14 |    12 |    63 ||    89
       Dagger            |     6 |       |       ||     6
       Trident           |       |   113 |   394 ||   507
Throw: Stone             |    30 |    31 |    45 ||   106
       Dart              |       |       |     5 ||     5
 Cast: Summon Small Mamm |     7 |       |       ||     7
       Call Imp          |    15 |    15 |    23 ||    53
       Call Canine Famil |     1 |    19 |    27 ||    47
       Sticks to Snakes  |       |       |     7 ||     7
       Summon Lightning  |       |       |    10 ||    10
Invok: Heroism           |       |       |     1 ||     1
 Abil: Fly               |       |     1 |       ||     1
Evoke: Wand              |       |       |    17 ||    17
  Use: Potion            |       |     2 |     9 ||    11
       Scroll            |       |     5 |     5 ||    10
 Stab: Distracted        |     2 |     1 |     2 ||     5
       Sleeping          |     1 |     1 |     1 ||     3
  Eat: Chunk             |     9 |    16 |    17 ||    42
       Ration            |       |       |     4 ||     4
Armor: Robe              |    30 |    10 |       ||    40
       Leather armour    |       |    13 |    80 ||    93
Dodge: Dodged            |    78 |    74 |   311 ||   463
       Deflected         |       |       |     1 ||     1
Block: Buckler           |       |       |    30 ||    30

Table legend:
 A = Non-vault XP
 B = Vault XP
 C = Vault XP percentage of total XP
 D = Non-vault monster count
 E = Vault monster count
 F = Vault count percentage of total count
                 A         B        C        D         E       F
            +---------+---------+-------+---------+---------+-------
      Total |    3561 |    1007 |  22.0 |     180 |      35 |  16.3
            +---------+---------+-------+---------+---------+-------
        D:1 |      23 |       0 |   0.0 |      13 |       0 |   0.0
        D:2 |      85 |       1 |   1.2 |      37 |       1 |   2.6
        D:3 |      57 |      25 |  30.5 |      17 |       1 |   5.6
        D:4 |     223 |       3 |   1.3 |      16 |       2 |  11.1
        D:5 |     407 |       0 |   0.0 |      14 |       0 |   0.0
        D:6 |     404 |     796 |  66.3 |      17 |       5 |  22.7
        D:7 |     771 |     113 |  12.8 |      20 |       2 |   9.1
        D:8 |    1053 |      69 |   6.1 |      29 |      24 |  45.3
        D:9 |     538 |       0 |   0.0 |      17 |       0 |   0.0
            +---------+---------+-------+---------+---------+-------
